 Dungeon Crawl Stone Soup version 0.30-a0-585-g93115170b9 (webtiles) character file.

Game seed: 16692410373905468025

230 drugrobin the Poker (level 5, 0/42 HPs)
             Began as a Demigod Delver on Jan 2, 2023.
             Slain by an ogre
             ... wielding a +0 giant spiked club
              (24 damage)
             ... on level 4 of the Dungeon.
             The game lasted 00:08:06 (3100 turns).

drugrobin the Poker (Demigod Delver)                Turns: 3100, Time: 00:08:06

Health: 0/42       AC:  5    Str: 17    XL:     5   Next: 43%
Magic:  2/7        EV: 17    Int: 12    God:
Gold:   189        SH:  0    Dex: 15    Spells: 2/4 levels left

rFire   . . .      SeeInvis .    a - +0 spear
rCold   . . .      Faith    .    (no shield)
rNeg    . . .      Spirit   .    b - +0 leather armour
rPois   .          Reflect  .    (no helmet)
rElec   .          Harm     .    p - +0 cloak
rCorr   .          Rampage  .    i - +0 pair of gloves
Will    .....                    (no boots)
Stlth   +++                      (no amulet)
HPRegen 0.27/turn                q - +5 ring of evasion
MPRegen 0.10/turn                (no ring)

@: no status effects
A: high MP 1, forlorn, divine attributes
a: no special abilities


You were on level 4 of the Dungeon.
You visited 1 branch of the dungeon, and saw 5 of its levels.

You collected 189 gold pieces.

Inventory:

Hand Weapons
 a - a +0 spear (weapon)
Missiles
 r - 2 javelins (quivered)
 D - a throwing net
 I - 2 poisoned darts
Armour
 b - a +0 leather armour (worn)
 i - a +0 pair of gloves (worn)
 k - a +0 plate armour
 p - a +0 cloak (worn)
 x - a +0 ring mail
Magical Staves
 J - a staff of air
Jewellery
 q - a +5 ring of evasion (left hand)
 A - a ring of poison resistance
 H - a +6 ring of intelligence
Wands
 g - a wand of digging (3)
 n - a wand of charming (6)
Scrolls
 c - a scroll of fog
 d - a scroll of magic mapping
 e - a scroll of fear
 h - a scroll of enchant armour {unknown}
 j - 3 scrolls of amnesia {unknown}
 l - 5 scrolls of identify {unknown}
 o - 5 scrolls of teleportation {unknown}
 s - a scroll of blinking {unknown}
 u - a scroll of immolation {unknown}
 v - a scroll of torment {unknown}
 y - a scroll of vulnerability {unknown}
 E - a scroll of noise {unknown}
Potions
 f - a potion of haste
 m - 4 potions of curing {unknown}
 t - 4 potions of heal wounds {unknown}
 w - a potion of attraction {unknown}
 z - a potion of might {unknown}
 B - 2 potions of flight {unknown}
 C - a potion of mutation {unknown}
 F - a potion of magic {unknown}
 G - a potion of lignification {unknown}


   Skills:
 - Level 2.6 Fighting
 + Level 5.5 Polearms
 - Level 1.7 Dodging
 - Level 4.5 Stealth


You had 2 spell levels left.
You knew the following spells:

 Your Spells              Type           Power      Damage    Failure   Level
a - Summon Small Mammal   Summ           0%         N/A       38%         1
b - Sting                 Tmut/Pois      0%         1d3       38%         1

Your spell library contained the following spells:

 Spells                   Type           Power      Damage    Failure   Level
 Apportation              Tloc           0%         N/A       38%         1
 Necrotise                Necr           0%         1d4       38%         1
 Poisonous Vapours        Pois/Air       0%         N/A       52%         2
 Olgreb's Toxic Radiance  Pois           0%         N/A       99%         4


Dungeon Overview and Level Annotations

Branches:
Dungeon (5/15)
 Temple: D:4-7


Innate Abilities, Weirdness & Mutations

You have an increased reservoir of magic. (+10% MP)
You shall have no god before yourself.
Your divine heritage dramatically boosts your attributes as you level up.


Message History

Unknown command.
Reach: a) +0 spear
Press: ? - help, Dir - move target, f/p - ogre
Aim: an ogre, wielding a +0 giant spiked club (lightly wounded, poisoned, ally target, about 23% to evade your +0 spear)
You reach to attack!
You hit the ogre.
The ogre is moderately wounded.
The ogre looks more healthy.
Your bat hits the ogre. The ogre misses your bat.
Unknown command.
Reach: a) +0 spear
Press: ? - help, Dir - move target, f/p - ogre
Aim: an ogre, wielding a +0 giant spiked club (moderately wounded, ally target, about 23% to evade your +0 spear)
You reach to attack!
You hit the ogre.
The ogre is heavily wounded.
Your bat barely misses the ogre.
Your magical contamination has completely faded away.
Unknown command.
Reach: a) +0 spear
Press: ? - help, Dir - move target, f/p - ogre
Aim: an ogre, wielding a +0 giant spiked club (heavily wounded, ally target, about 23% to evade your +0 spear)
You reach to attack!
You hit the ogre but do no damage.
The ogre is heavily wounded.
Your bat disappears in a puff of smoke!
Unknown command.
The ogre attacks as you move away! The ogre closely misses you.
The ogre attacks as you move away!
The ogre hits you with a +0 giant spiked club!
Casting: Sting (safe; 38% risk of failure)
Confirm with . or Enter, or press ? or * to list all spells.
Aiming: Sting (safe; 38% risk of failure)
Press: ? - help, Shift-Dir - straight line, f/p - ogre
Aim: an ogre, wielding a +0 giant spiked club (heavily wounded, 83% to hit)
The sting hits the ogre.
The ogre is poisoned.
The ogre is heavily wounded.
There is an open door here.
The ogre looks more healthy.
The ogre attacks as you move away! The ogre barely misses you.
The ogre attacks as you move away!
The ogre hits you with a +0 giant spiked club!!
Ouch! That really hurt!
You die...

.....K†.......##...#.#######.###.
....#####.K...#..#.#.# #...# #. .
##...#####.#.#####.#####.
##.##.##..#.......###...
#.#......######.>......
#.K..#.....#####.###...
#.##{..#.#.........#...
#.##.O.#.##.....##.#...
...###@#.##.######.....
.....##.#.#..#######....
......#..................
##.....#........########..
##...##........# ###
#####.........####
#.............###
#..........##...##
##..........####..####


You could see an ogre and a kobold.

Vanquished Creatures
  A jelly (D:4)
  A hound (D:4)
  4 gnolls (D:3)
  3 adders
  3 worms
  A dart slug (D:2)
  2 orcs
  2 ball pythons
  10 endoplasms
  5 giant cockroaches
  10 goblins
  10 hobgoblins
  5 quokkas
  6 bats
  2 frilled lizards
  4 kobolds
  5 rats
74 creatures vanquished.

Vanquished Creatures (collateral kills)
  An adder (D:3)
1 creature vanquished.

Grand Total: 75 creatures vanquished

Notes
Turn   | Place    | Note
-------+----------+-------------------------------------------
     0 | D:5      | drugrobin the Demigod Delver began the quest for the Orb.
     0 | D:5      | Reached XP level 1. HP: 18/18 MP: 3/3
    21 | D:5      | Noticed a centaur
    89 | D:3      | Reached skill level 2 in Polearms
    91 | D:3      | Reached XP level 2. HP: 20/25 MP: 4/4
   337 | D:1      | Reached skill level 3 in Polearms
   554 | D:1      | Learned a level 1 spell: Summon Small Mammal
   677 | D:1      | Reached XP level 3. HP: 28/30 MP: 5/5
  1433 | D:2      | Reached skill level 4 in Polearms
  1448 | D:2      | Learned a level 1 spell: Sting
  1514 | D:2      | Reached XP level 4. HP: 37/37 MP: 4/6
  2692 | D:4      | Reached skill level 5 in Polearms
  2693 | D:4      | Reached XP level 5. HP: 31/42 MP: 2/7
  3072 | D:4      | Noticed an ogre
  3100 | D:4      | Slain by an ogre

Illustrated notes

Levels and vault maps discovered:
D:1:      dpeg_arrival_rhombus, layout_basic, minmay_misc_feat_alley,
          st_stairs_10, minmay_misc_feat_rugged
D:2:      kennysheep_six_static_rooms, layout_basic,
          chequers_serial_rivers_micro_c, minmay_misc_feat_rows,
          chequers_serial_rivers_small_3
D:3:      layout_basic, grunt_decor_one_mirror, kennysheep_doodads, minivault_24
D:4:      minmay_octagon_keep, layout_rooms, nicolae_ashenzari_panopticon,
          minmay_misc_feat_square, grunt_decor_arrowhead
D:5:      layout_rooms, mainiacjoe_overflow_catwalk

Skill      XL: |  1  2  3  4 |
---------------+-------------+-----
Polearms       | 2 3 4 5 |  5.5
Fighting       | |  2.6
Dodging        | |  1.7
Stealth        | |  4.5

Action                   |  1- 3 |  4- 6 || total
-------------------------+-------+-------++-------
Melee: Spear             |   173 |    93 ||   266
       Punch             |     1 |     2 ||     3
Throw: Javelin           |     3 |     1 ||     4
 Cast: Sting             |     2 |    21 ||    23
       Summon Small Mamm |     1 |     7 ||     8
 Stab: Sleeping          |    12 |     6 ||    18
       Distracted        |     1 |       ||     1
Armor: Leather armour    |    34 |    10 ||    44
Dodge: Dodged            |    70 |    57 ||   127

Table legend: (Time is in decaauts)
 A = Elapsed time spent in this place.
 B = Non-inter-level travel time spent in this place.
 C = Inter-level travel time spent in this place.
 D = Time resting spent in this place.
 E = Time spent auto-exploring this place.
 F = Levels seen in this place.
 G = Mean time per level.
                   A        B        C        D        E       F      G
               +--------+--------+--------+--------+--------+-----+--------+
         Total |   3080 |   3039 |     41 |    133 |   2064 |   5 |  616.0 |
       Dungeon |   3080 |   3039 |     41 |    133 |   2064 |   5 |  616.0 |
               +--------+--------+--------+--------+--------+-----+--------+

Top non-repeatable levels by time:
     D:3: 989 daAuts
     D:2: 801 daAuts
     D:1: 789 daAuts
     D:4: 445 daAuts
     D:5: 54 daAuts
